 Dungeon Crawl Stone Soup version 0.29-a0-352-g0917bc69df (webtiles) character file.

Game seed: 18348002000617264418

1910 siradein the Cudgeller (level 8, -7/80 HPs)
             Began as a Troll Fighter on Apr 25, 2022.
             Succumbed to Maggie's poison
             ... on level 6 of the Dungeon.
             The game lasted 00:18:37 (4352 turns).

siradein the Cudgeller (Troll Fighter)              Turns: 4352, Time: 00:18:38

Health: -7/80      AC: 17    Str: 27    XL:     8   Next: 94%
Magic:  7/7        EV:  7    Int:  4    God:
Gold:   306        SH:  8    Dex:  9    Spells: 7/7 levels left

rFire   . . .      SeeInvis .   a - +1 flail
rCold   . . .      Faith    .   c - +0 kite shield
rNeg    + . .      Spirit   .   o - +0 pearl dragon scales
rPois   .          Reflect  .   (helmet restricted)
rElec   .          Harm     .   (no cloak)
rCorr   .          Rampage  .   (gloves unavailable)
Will    .....                   (boots unavailable)
Stlth   ..........              (no amulet)
HPRegen 1.03/turn               s - +4 ring of protection
MPRegen 0.10/turn               (no ring)

@: mighty, lethally poisoned (-7 -> -41), mesmerised
A: large, unfitting armour, claws 3, regeneration 1, shaggy fur 1, tough skin 1
a: no special abilities


You were on level 6 of the Dungeon.
You visited 1 branch of the dungeon, and saw 6 of its levels.

You collected 306 gold pieces.

Inventory:

Hand Weapons
 a - a +1 flail (weapon)
Armour
 c - a +0 kite shield (worn)
 o - +0 pearl dragon scales (worn)
Jewellery
 s - a +4 ring of protection (left claw)
Wands
 k - a wand of charming (9)
 x - a wand of flame (12)
Scrolls
 e - 2 scrolls of fog {unknown}
 f - 2 scrolls of teleportation
 g - 3 scrolls of amnesia {unknown}
 h - a scroll of brand weapon {unknown}
 i - 3 scrolls of enchant weapon
 j - a scroll of torment {unknown}
 n - a scroll of silence {unknown}
 r - a scroll of enchant armour {unknown}
 v - a scroll of magic mapping {unknown}
 w - a scroll of noise {unknown}
Potions
 b - a potion of cancellation {unknown}
 l - 2 potions of degeneration {unknown}
 m - 2 potions of brilliance {unknown}
 p - a potion of curing {unknown}
 q - 3 potions of magic {unknown}
 t - a potion of heal wounds {unknown}
 u - 2 potions of attraction {unknown}


   Skills:
 + Level 5.0 Fighting
 + Level 5.1 Maces & Flails
 + Level 3.7 Armour
 + Level 5.0 Dodging
 + Level 5.0 Shields


You had 7 spell levels left.
You didn't know any spells.
Your spell library contained the following spells:

 Spells                   Type           Power      Damage    Failure   Level
 Shock                    Conj/Air       0%         1d3       97%         1
 Portal Projectile        Hex/Tloc       0%         N/A       100%        3
 Swiftness                Air            0%         N/A       100%        3
 Airstrike                Air            0%         N/A       100%        4
 Blade Hands              Tmut           0%         N/A       100%        5
 Excruciating Wounds      Necr           0%         N/A       100%        5


Dungeon Overview and Level Annotations

Branches:
Dungeon (6/15)
 Temple: D:4-7

Altars:
Sif Muna
Vehumet

Annotations:
D:5 2 transporters, 2 runed translucent doors, Laraso's ghost, novice DrTm
D:6 Maggie


Innate Abilities, Weirdness & Mutations

You are too large for most types of armour.
You have claws for hands.
Your natural rate of healing is unusually fast.
You are covered in fur. (AC +1)
You have tough skin. (AC +1)


Message History

The bolt of fire hits you.
Maggie casts a spell.
Maggie attempts to bespell you!
You easily resist.
You barely miss Maggie.
Maggie is heavily wounded.
You feel sick.
Maggie hits you with a +2 glaive of venom!
You are more poisoned.
You are too injured to fight recklessly!
You are too injured to fight recklessly!
You are too injured to fight recklessly!
You are too injured to fight recklessly!
You are too injured to fight recklessly!
You are too injured to fight recklessly!
You sock Maggie!
Maggie is severely wounded.
You feel very sick. Maggie hits you but does no damage.
You are more poisoned.
You sock Maggie!
Maggie is almost dead.
You feel very sick.
Maggie hits you with a +2 glaive of venom!
* * * LOW HITPOINT WARNING * * *
You are lethally poisoned!
You barely miss Maggie.
Maggie is almost dead.
* * * LOW HITPOINT WARNING * * *
You feel extremely sick.
Maggie mumbles some strange words.
Maggie attempts to bespell you!
You are mesmerised by Maggie!
Maggie hits you with a +2 glaive of venom!
* * * LOW HITPOINT WARNING * * *
You are more poisoned.
Unknown command.
Unknown command.
You closely miss Maggie.
Maggie is almost dead.
You die...

#........#
#.......
##.......#
##......
#.......#
#......
#.......#
#.....#
#.......#
#....##
#.......#
######
##.....##
#.#..##
##@####
#.@.##
###..#
#.#..#
#..#..#
#.. #...
#.. .....
#.. ......
#.# .....


You could see Maggie (mesmerising).

Vanquished Creatures
  Pikel (D:6)
  A wraith (D:4)
  Duvessa (D:6)
  An orc warrior (D:4)
  A black bear (D:6)
  An ogre (D:4)
  A centaur (D:6)
  A bullfrog (D:6)
  3 necrophages
  2 scorpions
  Dowan (D:6)
  A howler monkey (D:6)
  A hound (D:6)
  3 orc priests
  Jessica (D:3)
  An orc wizard (D:5)
  3 iguanas
  3 gnolls (D:5)
  4 adders
  2 ufetubi (D:5)
  3 worms
  A dart slug (D:3)
  16 orcs
  8 bats
  4 endoplasms
  2 giant cockroaches
  9 goblins
  4 hobgoblins
  2 jackals (D:2)
  8 kobolds
  5 quokkas
  5 ball pythons
  2 frilled lizards
  3 rats
105 creatures vanquished.

Notes
Turn   | Place    | Note
-------+----------+-------------------------------------------
     0 | D:1      | siradein the Troll Fighter began the quest for the Orb.
     0 | D:1      | Reached XP level 1. HP: 22/22 MP: 0/0
   252 | D:1      | Reached XP level 2. HP: 29/29 MP: 1/1
   347 | D:1      | Found a faded altar of an unknown god.
   646 | D:2      | Reached XP level 3. HP: 36/36 MP: 2/2
   854 | D:2      | Found a radiant altar of Vehumet.
  1075 | D:3      | Reached XP level 4. HP: 40/44 MP: 3/3
  1180 | D:3      | Noticed Jessica
  1188 | D:3      | Killed Jessica
  1197 | D:3      | Found a shimmering blue altar of Sif Muna.
  2131 | D:4      | Noticed an ogre
  2172 | D:4      | Killed an ogre
  2173 | D:4      | Reached XP level 5. HP: 38/53 MP: 4/4
  2267 | D:4      | Noticed an orc warrior
  2295 | D:4      | Killed an orc warrior
  2296 | D:4      | Reached skill level 1 in Armour
  2296 | D:4      | Reached XP level 6. HP: 41/61 MP: 5/5
  3170 | D:5      | Entered Level 5 of the Dungeon
  3238 | D:5      | Noticed a wraith
  3281 | D:4      | Killed a wraith
  3282 | D:4      | Reached XP level 7. HP: 68/68 MP: 6/6
  3289 | D:5      | Found a transporter.
  3304 | D:5      | Noticed Laraso's ghost (novice DrTm)
  3305 | D:5      | Noticed a yak
  3312 | D:5      | Found a transporter.
  3318 | D:5      | Found a large runed translucent door.
  3318 | D:5      | Found a large runed translucent door.
  3954 | D:6      | Noticed Pikel
  3982 | D:6      | Killed Pikel
  3983 | D:6      | Reached XP level 8. HP: 57/79 MP: 7/7
  4038 | D:6      | Noticed Duvessa
  4074 | D:6      | Noticed Dowan
  4078 | D:6      | Killed Duvessa
  4098 | D:6      | Killed Dowan
  4230 | D:6      | Reached skill level 5 in Maces & Flails
  4274 | D:6      | Reached skill level 5 in Fighting
  4274 | D:6      | Reached skill level 5 in Shields
  4299 | D:6      | Reached skill level 5 in Dodging
  4329 | D:6      | Noticed Maggie
  4351 | D:6      | HP: 4/80 [Maggie/+2 glaive of venom (9)]
  4352 | D:6      | Succumbed to Maggie's poison

Illustrated notes

Levels and vault maps discovered:
D:1:      noname_arrival_rooms_in_the_neighbourhood, layout_basic,
          dilly_ecumenical_altar_fadedgnrine, roderic_filled_cross
D:2:      layout_basic, basic_altar, minmay_tripent
D:3:      layout_loops_ring, tgw_sif, grunt_ministairs_2,
          minmay_misc_feat_encased
D:4:      layout_basic, serial_co_window_serial, co_window_paths_b,
          co_window_paths_a, co_window_paths_a, co_window_paths_a,
          co_window_corner_a, co_window_2corner, co_window_corner_b,
          co_window_corner_b, co_window_unsneaky_path_e, co_window_paths_e,
          glass_columns_a, glass_columns_b, glass_columns_b, glass_columns_a,
          glass_columns_b, serial_bayou_ford_a
D:5:      layout_cave_pools, jmf_multi_god_temple2, gammafunk_ghost_arena
D:6:      minmay_chambers_of_sixes, layout_cave_pods, okawaru_trees_2,
          mainiacjoe_overflow_two_lobes, gammafunk_ghost_abyssal_escape,
          uniq_maggie, uniq_duvessa, uniq_pikel

Skill      XL: |  1  2  3  4  5  6  7  8 |
---------------+-------------------------+-----
Maces & Flails | 2 3 4 5 |  5.1
Fighting       | 3 4 5 |  5.0
Dodging        | 3 4 5 |  5.0
Shields        | 3 4 5 |  5.0
Armour         | 1 2 3 |  3.7

Action                   |  1- 3 |  4- 6 |  7- 9 || total
-------------------------+-------+-------+-------++-------
Melee: Flail             |   104 |   197 |   149 ||   450
  Use: Scroll            |       |     3 |       ||     3
       Potion            |       |       |     1 ||     1
 Stab: Sleeping          |     1 |       |       ||     1
Armor: Robe              |    35 |     4 |       ||    39
       Pearl dragon scal |       |    92 |   114 ||   206
Dodge: Dodged            |    44 |    64 |    50 ||   158
Block: Kite shield       |    52 |    80 |    56 ||   188

Table legend: (Time is in decaauts)
 A = Elapsed time spent in this place.
 B = Non-inter-level travel time spent in this place.
 C = Inter-level travel time spent in this place.
 D = Time resting spent in this place.
 E = Time spent auto-exploring this place.
 F = Levels seen in this place.
 G = Mean time per level.
                   A        B        C        D        E       F      G
               +--------+--------+--------+--------+--------+-----+--------+
         Total |   4540 |   4419 |    121 |     29 |   3006 |   6 |  756.7 |
       Dungeon |   4540 |   4419 |    121 |     29 |   3006 |   6 |  756.7 |
               +--------+--------+--------+--------+--------+-----+--------+

Top non-repeatable levels by time:
     D:4: 1315 daAuts
     D:3: 996 daAuts
     D:5: 678 daAuts
     D:1: 551 daAuts
     D:2: 526 daAuts
     D:6: 471 daAuts
